 Dungeon Crawl Stone Soup version 0.28.0-49-g6dfe1f597d (webtiles) character file.

Game seed: 14299880757831944076

3388 Exodus22XD the Cleaver (level 9, -13/86 HPs)
             Began as a Minotaur Fighter on May 14, 2022.
             Was a High Priest of Jiyva.
             Mangled by an orc knight
             ... wielding a +0 trident
              (35 damage)
             ... in a bailey.
             The game lasted 00:10:05 (5938 turns).

Exodus22XD the Cleaver (Minotaur Fighter)           Turns: 5938, Time: 00:10:06

Health: -13/86     AC:  8    Str: 26    XL:     9   Next: 74%
Magic:  8/8        EV:  9    Int:  5    God:    Jiyva [*****.]
Gold:   326        SH: 10    Dex:  9    Spells: 8/8 levels left

rFire   . . .      SeeInvis +   D - +2 war axe (flame)
rCold   . . .      Faith    .   c - +0 buckler
rNeg    . . .      Spirit   .   b - +0 scale mail
rPois   .          Reflect  +   (helmet restricted)
rElec   .          Harm     .   (no cloak)
rCorr   +          Rampage  .   (no gloves)
Will    .....                   (no boots)
Stlth   +.........              r - amulet of reflection
HPRegen 1.68/turn               (no ring)
MPRegen 0.56/turn               (no ring)

@: mighty, hasted, very quick
A: horns 2, retaliatory headbutt, sense surroundings 1, robust 1, eyeballs 3,
translucent skin 2
a: Renounce Religion, Oozemancy, Slimify


You were in a bailey.
You worshipped Jiyva.
Jiyva was extremely pleased with you.
You visited 1 branch of the dungeon, and saw 7 of its levels.
You also visited: Ossuary and Bailey.

You collected 326 gold pieces.

Inventory:

Hand Weapons
 w - a +2 mace
 D - a +2 war axe of flaming (weapon)
Missiles
 f - a throwing net (quivered)
Armour
 b - a +0 scale mail (worn)
 c - a +0 buckler (worn)
 t - a +0 kite shield
Jewellery
 m - a ring of fire
 r - an amulet of reflection (around neck)
 E - an amulet of guardian spirit
Wands
 g - a wand of mindburst (18)
 p - a wand of flame (29)
Scrolls
 j - 3 scrolls of immolation
 k - a scroll of teleportation {unknown}
 l - a scroll of enchant weapon {unknown}
 s - a scroll of fog
 u - a scroll of blinking {unknown}
 x - a scroll of fear {unknown}
 y - a scroll of summoning {unknown}
 A - a scroll of enchant armour
Potions
 a - 2 potions of invisibility {unknown}
 e - 5 potions of mutation
 h - a potion of haste
 i - a potion of lignification {unknown}
 n - a potion of cancellation {unknown}
 o - 2 potions of ambrosia
 q - 2 potions of curing
 z - 3 potions of brilliance {unknown}
 C - a potion of attraction {unknown}


   Skills:
 + Level 7.5 Fighting
 + Level 11.8 Axes
 + Level 8.8 Armour
 + Level 6.9 Shields


You had 8 spell levels left.
You didn't know any spells.
Your spell library contained the following spells:

 Spells                   Type           Power      Damage    Failure   Level
 Summon Small Mammal      Summ           0%         N/A       80%         1
 Static Discharge         Conj/Air       0%         N/A       90%         2
 Call Canine Familiar     Summ           0%         N/A       99%         3
 Summon Guardian Golem    Hex/Summ       0%         N/A       99%         3
 Dispel Undead            Necr           0%         3d6       100%        4
 Sticky Flame             Conj/Fire      0%         2d3       100%        4


Dungeon Overview and Level Annotations

Branches:
Dungeon (7/15)             Temple (0/1) D:6         Ossuary (visited)
 Bailey (1/1)

Altars:
Cheibriados
Elyvilon
Trog
Uskayaw
Vehumet
The Shining One
Beogh
Jiyva

Shops:
D:5 (

Annotations:
D:6 4 runed translucent doors, Crazy Yiuf; Peloso's ghost, novice MiFi


Innate Abilities, Weirdness & Mutations

You have a pair of horns on your head.
You reflexively headbutt those who attack you in melee.
You passively map a small area around you.
You are robust. (+10% HP)
Your body is covered in eyes which may confuse attackers. (Acc +7, SInv)
Your translucent skin reduces your foes' accuracy. (Stealth+)


Message History

You block the orc warrior's attack.
The orc warrior hits you from afar with a +0 spear.
You block the orc warrior's attack.
The eyeballs on your body gaze at the orc warrior.
Things that are here:
a +0 halberd; 2 scrolls of enchant armour You slice the orc warrior!!
You burn the orc warrior.
You kill the orc warrior!
The orc warrior seems less confused.
An orc knight comes into view. It is wielding a +0 glaive.
You block the orc knight's attack.
The eyeballs on your body gaze at the orc knight.
You block the orc warrior's attack.
The orc knight shouts!
You slash the orc knight! You burn the orc knight.
The orc knight is moderately wounded.
You hear a shout!
The orc knight hits you with a +0 trident!!
You block the orc warrior's attack.
You slash the orc knight! You burn the orc knight.
The orc knight is heavily wounded.
You block the orc warrior's attack.
You slash the orc knight! You burn the orc knight.
The orc knight is heavily wounded.
The orc knight roars a battlecry!
The orc warrior goes into a battle-frenzy!
The orc knight hits you with a +0 trident!
The orc warrior barely misses you.
You catch the helpless orc knight completely off-guard!
You hit the orc knight. You burn the orc knight. You headbutt the orc knight!
The orc knight is almost dead.
The orc knight seems less confused.
The orc knight hits you with a +0 trident.
The orc warrior hits you from afar with a +0 spear!
* * * LOW HITPOINT WARNING * * *
You feel yourself speed up.
The orc knight roars a battlecry!
The orc knight goes into a battle-frenzy!
The orc knight hits you with a +0 trident!!
You die...

#### ####### #### *
....###.....#########...
.....'.......#.....#....
,.....'....#..'.....'...#
.....'.o.....'.....'....
,
.....'.o.)#..'.....'...#
...o.'.@)....#.....#...)
....###..)))#########...
## ####### ####


You could see 2 orc knights and an orc warrior (strong).

Vanquished Creatures
  Maggie (D:7)
  Prince Ribbit (D:6)
  Menkaure (D:7)
  Duvessa (D:5)
  9 orc warriors
  A sky beast (D:5)
  An ice beast (D:6)
  A necrophage (D:5)
  2 ogres
  A phantom (D:3)
  A centaur (D:7)
  An elf zombie (D:6)
  2 bullfrogs (D:6)
  A scorpion (D:6)
  An elf skeleton (D:6)
  A water moccasin skeleton (D:5)
  Dowan (D:5)
  5 wights (D:5)
  A howler monkey (D:6)
  A centaur zombie (D:6)
  4 orc priests
  A centaur skeleton (D:5)
  2 hounds
  4 human zombies
  Jessica (D:2)
  2 human skeletons (D:6)
  2 hound skeletons (D:4)
  4 mummies (Ossuary)
  2 gnolls (D:5)
  5 adders
  2 adder skeletons
  A worm (D:3)
  5 dart slugs
  43 orcs
  5 bats
  2 endoplasms (D:1)
  7 giant cockroaches
  6 goblins
  6 hobgoblins
  3 jackals (D:1)
  4 quokkas
  3 frilled lizards (D:1)
  2 gnoll zombies (Ossuary)
  A goblin zombie (Ossuary)
  2 hobgoblin zombies (Ossuary)
  5 kobolds
  An orc skeleton (D:6)
  2 rats (D:1)
161 creatures vanquished.

Vanquished Creatures (others)
  An ogre (D:6)
  A centaur (D:6)
  Blork the orc (D:6)
  A water moccasin zombie (D:6)
  A water moccasin skeleton (D:4)
  5 jellies
  A centaur skeleton (D:6)
  A hound skeleton (D:5)
  2 gnolls (D:5)
  A dart slug (D:3)
  An endoplasm (D:3)
  An orc (Bailey)
  4 quokkas
  5 bats (D:3)
  A frilled lizard (D:3)
  2 goblins
  2 rats (D:3)
  2 fungi (D:1)
  11 plants
44 creatures vanquished.

Grand Total: 205 creatures vanquished

Notes
Turn   | Place    | Note
-------+----------+-------------------------------------------
     0 | D:1      | Exodus22XD the Minotaur Fighter began the quest for the
                  | Orb.
     0 | D:1      | Reached XP level 1. HP: 19/19 MP: 0/0
   367 | D:1      | Reached XP level 2. HP: 23/27 MP: 1/1
   757 | D:1      | Reached XP level 3. HP: 29/33 MP: 2/2
  1218 | D:2      | Noticed an ogre
  1221 | D:2      | Killed an ogre
  1222 | D:2      | Reached skill level 3 in Axes
  1222 | D:2      | Reached XP level 4. HP: 41/41 MP: 3/3
  1444 | D:2      | Found a faded altar of an unknown god.
  1489 | D:2      | Prayed at the altar of an unknown god.
  1489 | D:2      | Became a worshipper of Jiyva Joavirgh the Shapeless
  1489 | D:2      | Reached * piety under Jiyva
  1577 | D:2      | Reached XP level 5. HP: 47/47 MP: 4/4
  1851 | D:2      | Noticed Jessica
  1856 | D:2      | Killed Jessica
  1857 | D:2      | Reached skill level 4 in Axes
  1857 | D:2      | Reached skill level 5 in Armour
  1979 | D:3      | Reached ** piety under Jiyva
  2092 | D:3      | Noticed a phantom
  2095 | D:3      | Killed a phantom
  2096 | D:3      | Reached XP level 6. HP: 52/53 MP: 5/5
  2161 | D:3      | Found a hide-covered altar of Uskayaw.
  2237 | D:3      | Reached skill level 5 in Axes
  2760 | D:4      | Reached *** piety under Jiyva
  2828 | D:4      | Gained mutation: Your translucent skin slightly reduces
                  | your foes' accuracy. (Stealth+) [Jiyva's grace]
  2828 | D:4      | Gained mutation: Your translucent skin reduces your foes'
                  | accuracy. (Stealth+) [Jiyva's grace]
  2828 | D:4      | Gained mutation: Your transparent skin significantly
                  | reduces your foes' accuracy. (Stealth+) [Jiyva's grace]
  2828 | D:4      | Gained mutation: You are robust. (+10% HP) [Jiyva's grace]
  3161 | D:4      | Found a glowing golden altar of the Shining One.
  3505 | D:5      | Entered Level 5 of the Dungeon
  3544 | D:5      | Found a bloodstained altar of Trog.
  3585 | D:5      | Reached **** piety under Jiyva
  3585 | D:5      | Noticed Dowan
  3586 | D:5      | Noticed Duvessa
  3596 | D:5      | Killed Duvessa
  3596 | D:5      | Killed Dowan
  3597 | D:5      | Reached skill level 5 in Fighting
  3597 | D:5      | Reached skill level 6 in Axes
  3597 | D:5      | Reached skill level 5 in Shields
  3597 | D:5      | Reached XP level 7. HP: 19/67 MP: 6/6
  3783 | D:5      | Found Xish's Weapon Boutique.
  3936 | D:5      | Found a white marble altar of Elyvilon.
  4029 | D:5      | Found a radiant altar of Vehumet.
  4113 | D:5      | Reached skill level 7 in Axes
  4370 | D:5      | Reached XP level 8. HP: 58/73 MP: 7/7
  4555 | D:6      | Found a runed translucent door.
  4556 | D:6      | Noticed Crazy Yiuf
  4643 | D:6      | Found a staircase to the Ecumenical Temple.
  4658 | D:6      | Reached skill level 8 in Axes
  4762 | D:6      | Killed Blork the orc
  4774 | D:6      | Found a sand-covered staircase.
  4779 | Ossuary  | Entered an ossuary
  4960 | Ossuary  | Reached skill level 9 in Axes
  5100 | D:6      | Noticed Prince Ribbit
  5107 | D:6      | Killed Prince Ribbit
  5145 | D:6      | Lost mutation: Your transparent skin significantly reduces
                  | your foes' accuracy. (Stealth+) [Jiyva's grace]
  5145 | D:6      | Gained mutation: Your body has grown eyes which may confuse
                  | attackers. (Acc +3) [Jiyva's grace]
  5145 | D:6      | Gained mutation: Your body has grown many eyes which may
                  | confuse attackers. (Acc +5) [Jiyva's grace]
  5145 | D:6      | Gained mutation: Your body is covered in eyes which may
                  | confuse attackers. (Acc +7, SInv) [Jiyva's grace]
  5145 | D:6      | Gained mutation: You passively map a small area around you.
                  | [Jiyva's grace]
  5164 | D:6      | Found a snail-covered altar of Cheibriados.
  5192 | D:6      | Reached skill level 10 in Axes
  5192 | D:6      | Reached XP level 9. HP: 85/85 MP: 8/8
  5403 | D:6      | Found a runed translucent gate.
  5403 | D:6      | Found a runed translucent gate.
  5403 | D:6      | Found a runed translucent gate.
  5408 | D:6      | Noticed Peloso's ghost (novice MiFi)
  5518 | D:7      | Noticed Maggie
  5528 | D:7      | Killed Maggie
  5556 | D:7      | Found the +7 staff of the Meek {protect, meekguard}
  5593 | D:7      | Noticed Menkaure
  5596 | D:7      | Killed Menkaure
  5597 | D:7      | Reached skill level 11 in Axes
  5617 | D:7      | Reached ***** piety under Jiyva
  5745 | D:7      | Found a flagged portal.
  5765 | Bailey   | Entered a bailey
  5927 | Bailey   | Noticed an orc knight
  5933 | Bailey   | Noticed an orc knight
  5938 | Bailey   | Mangled by an orc knight

Illustrated notes

Levels and vault maps discovered:
D:1:      dpeg_arrival_water_fire, layout_basic
D:2:      layout_loops_cross, serial_forest, infiniplex_forest_clump_diagonal,
          infiniplex_forest_clump_diagonal, infiniplex_forest_end_3,
          infiniplex_forest_clump_diagonal, infiniplex_forest_corner_2,
          infiniplex_forest_clump_tiny, infiniplex_forest_lined_3,
          hellmonk_ecumenical_altar_blasted, minivault_19, uniq_jessica
D:3:      layout_loops_ring, nicolae_uskayaw_suspiria, roderic_batcave,
          chequers_serial_rivers_micro_a, grunt_ministairs_10
D:4:      layout_loops_corners, mainiacjoe_overflow_alcove_1
D:5:      layout_loops_corners, nicolae_overflow_crystal_walls,
          nicolae_vehumet_altar_sigil, elyvilon_altar_4, serial_shops, shop,
          uniq_duvessa
D:6:      layout_loops_ring, kennysheep_slug_shrine, minmay_temple_entry_waves,
          nicolae_ossuary_entry_catacombs, gammafunk_ghost_necromancy,
          uniq_prince_ribbit1, uniq_crazy_yiuf_cottage, uniq_blork_the_orc
D:7:      layout_loops_corners, enter_bailey_3, serial_shops, shop,
          pf_guarded_unrand_meek, uniq_menkaure, uniq_maggie
Bailey:   bailey_polearm_5, bailey

Skill      XL: |  1  2  3  4  5  6  7  8  9 |
---------------+----------------------------+-----
Armour         | 4 5 6 7 8 |  8.8
Fighting       | 4 5 6 7 |  7.5
Shields        | 4 5 6 |  6.9
Axes           | 3 4 6 7 10 11 | 11.8

Action                   |  1- 3 |  4- 6 |  7- 9 || total
-------------------------+-------+-------+-------++-------
Melee: War axe           |    60 |   113 |   264 ||   437
       Headbutt          |    11 |    19 |    45 ||    75
Invok: Oozemancy         |       |     1 |       ||     1
  Use: Scroll            |       |       |     4 ||     4
       Potion            |       |       |     3 ||     3
 Stab: Confused          |       |       |     5 ||     5
Armor: Scale mail        |    22 |    55 |    72 ||   149
Dodge: Dodged            |    21 |    74 |   118 ||   213
Block: Buckler           |    13 |    29 |   111 ||   153
       Reflection        |       |       |     4 ||     4
